 Dungeon Crawl Stone Soup version 0.29.0-4-gdea44cf6ec (webtiles) character file.

Game seed: 6049710383332829963

22 qw the Chopper (level 2, 0/17 HPs)
             Began as a Tengu Warper on Aug 28, 2022.
             Succumbed to their own poison gas
             ... on level 1 of the Dungeon.
             The game lasted 00:00:04 (860 turns).

qw the Chopper (Tengu Warper)                        Turns: 860, Time: 00:00:05

Health: 0/17       AC: 10    Str: 11    XL:     2   Next: 91%
Magic:  6/6        EV:  2    Int: 13    God:
Gold:   43         SH:  0    Dex: 13    Spells: 5/5 levels left

rFire   . . .      SeeInvis .   Y - +0 hand axe
rCold   . . .      Faith    .   (no shield)
rNeg    . . .      Spirit   .   d - +0 plate armour
rPois   .          Reflect  .   (helmet restricted)
rElec   .          Harm     .   (no cloak)
rCorr   +          Rampage  .   (no gloves)
Will    .....                   (boots unavailable)
Stlth   ..........              (no amulet)
HPRegen 0.05/turn               m - ring of resist corrosion
MPRegen 0.10/turn               (no ring)

@: brilliant, lethally poisoned (0 -> -3)
A: beak, talons 3
a: no special abilities


You were on level 1 of the Dungeon.
You visited 1 branch of the dungeon, and saw 1 of its levels.

You collected 43 gold pieces.


Innate Abilities, Weirdness & Mutations

You have a beak for a mouth.
You have claws for feet.


   Skills:
 - Level 2.0 Fighting
 + Level 3.6 Axes
 - Level 1.0 Throwing
 - Level 1.1 Armour
 - Level 2.1 Dodging
 - Level 2.0 Spellcasting
 - Level 2.4 Translocations


You had 5 spell levels left.
You didn't know any spells.
Your spell library contained the following spells:

 Spells                   Type           Power      Damage    Failure   Level
 Blink                    Tloc           22%        N/A       100%        2
 Gell's Gravitas          Tloc           11%        N/A       100%        3
 Lesser Beckoning         Tloc           11%        N/A       100%        3
 Teleport Other           Tloc           11%        N/A       100%        3
 Manifold Assault         Tloc           11%        N/A       100%        5

Inventory:

Hand Weapons
 i - a +0 club
 Y - a +0 hand axe (weapon)
Armour
 d - a +0 plate armour (worn)
Jewellery
 m - a ring of resist corrosion (left hand)
Potions
 g - a potion of degeneration {unknown}
 j - a potion of resistance {unknown}
 o - a potion of heal wounds {unknown}

Dungeon Overview and Level Annotations

Branches:
Dungeon (1/15)

Altars:


Message History

Your butterfly is poisoned.
You kill your butterfly!
Your butterfly disappears in a burst of colours!
Your butterfly looks even sicker. x2
Done exploring.
850 ||| DROPPING scroll of blinking.
You drop a scroll of blinking.
You kill your butterfly!
Your butterfly disappears in a burst of colours!
You kill your butterfly!
Your butterfly disappears in a burst of colours!
Done exploring.
851 ||| DROPPING potion of brilliance.
You drop a potion of brilliance.
Done exploring.
(D) Dungeon
Where to? (* - list waypoints, ? - help)
What level of the Dungeon? (default 1, ? - help) Sorry, I don't know how to get there.
Done exploring.
852 ||| Stepping randomly (stuck).
Really walk into that cloud of poison gas?
You are engulfed in poison gas.
You are lethally poisoned!
You feel very sick.
853 ||| Stepping ~*~*~tactically~*~*~ (cloud).
You feel very sick.
Items here: ! ? [[.
There is a lethal amount of poison in your body!
You feel sick.
There is a lethal amount of poison in your body!
You feel sick.
There is a lethal amount of poison in your body!
You feel sick.
There is a lethal amount of poison in your body!
You feel sick.
There is a lethal amount of poison in your body!
You feel sick.
There is a lethal amount of poison in your body!
You feel sick.
There is a lethal amount of poison in your body!
You die...

#.......# #.#####.#
####.#####.###
#.........~~~######
#.##.##~~~~~~~~~..#
#.##.##~~~~~~~~~~.#
#.##..~~~~~~~~~~#.#
#.###~~~~######~#.#
#.#..~~~~#0@0####.#
#.#.#~~~~#000'0##.#
##.#.#~~~~#..0#0ยค..#####
#(.....~~~#####~~#0....#
#.##.#)~~~~~~~~~~~####.#
#.##.#.~~~~~~~~~~## #.#
#.##.....~~~~~~~~# #.#
#.##.#.####~~~#### #.#
#.##.#.# ##.## #.#


There were no monsters in sight!

Vanquished Creatures
  3 ball pythons (D:1)
  2 bats (D:1)
  3 endoplasms (D:1)
  4 goblins (D:1)
  A hobgoblin (D:1)
  A kobold (D:1)
  3 quokkas (D:1)
17 creatures vanquished.

Notes
Turn   | Place    | Note
-------+----------+-------------------------------------------
     0 | D:1      | qw the Tengu Warper began the quest for the Orb.
     0 | D:1      | Reached XP level 1. HP: 12/12 MP: 4/4
     0 | D:1      | 0 ||| qw: Version: 0.1-a-89-g26bdef1
     0 | D:1      | 0 ||| qw: Game counter: 53
     0 | D:1      | 0 ||| qw: Always use a shield: true
     0 | D:1      | 0 ||| qw: God list: Okawaru
     0 | D:1      | 0 ||| qw: Allow faded altars: false
     0 | D:1      | 0 ||| qw: Do Orc after D:15 true
     0 | D:1      | 0 ||| qw: Do second Lair branch before Depths: true
     0 | D:1      | 0 ||| qw: Lair rune preference: random
     0 | D:1      | 0 ||| qw: Plans: Normal
     0 | D:1      | 0 ||| PLANNING D:1-11
   129 | D:1      | Reached XP level 2. HP: 17/17 MP: 6/6
   184 | D:1      | Reached skill level 3 in Axes
   479 | D:1      | Found a faded altar of an unknown god.
   565 | D:1      | 565 ||| Stepping ~*~*~tactically~*~*~ (stealth).
   567 | D:1      | 567 ||| Stepping ~*~*~tactically~*~*~ (stealth).
   569 | D:1      | 569 ||| Stepping ~*~*~tactically~*~*~ (stealth).
   572 | D:1      | 572 ||| Stepping ~*~*~tactically~*~*~ (stealth).
   832 | D:1      | 832 ||| UPGRADING to +0 plate armour.
   842 | D:1      | 842 ||| DROPPING +0 leather armour.
   843 | D:1      | 843 ||| DROPPING +0 scale mail.
   844 | D:1      | 844 ||| UPGRADING to ring of resist corrosion.
   845 | D:1      | 845 ||| READING scroll labelled REZOT FOVOZA.
   846 | D:1      | 846 ||| READING scroll labelled WUILIRCH HOTOMI.
   847 | D:1      | 847 ||| READING scroll labelled VOSAIRA KOQUAKEEL.
   848 | D:1      | 848 ||| READING scroll labelled XIUTURUNGA.
   849 | D:1      | 849 ||| DRINKING 2 red potions.
   850 | D:1      | 850 ||| DROPPING scroll of blinking.
   851 | D:1      | 851 ||| DROPPING potion of brilliance.
   852 | D:1      | 852 ||| Stepping randomly (stuck).
   853 | D:1      | 853 ||| Stepping ~*~*~tactically~*~*~ (cloud).
   856 | D:1      | HP: 3/17 [poisoned by you (poison gas)]
   859 | D:1      | HP: 1/17 [poisoned by you (poison gas)]
   860 | D:1      | Succumbed to their own poison gas

Levels and vault maps discovered:
D:1:      dpeg_arrival_rooms_a, layout_loops_cross,
          nicolae_ecumenical_lake_church

Skill      XL: |  1  2 |
---------------+-------+-----
Axes           | 3 |  3.6
Fighting       | |  2.0
Throwing       | |  1.0
Armour         | |  1.1
Dodging        | |  2.1
Spellcasting   | |  2.0
Translocations | |  2.4

Action                   || total
-------------------------++-------
Melee: Hand axe          ||    32
       Kick              ||     3
       Peck              ||     3
Throw: Boomerang         ||     7
  Use: Scroll            ||     4
       Potion            ||     1
Armor: Leather armour    ||     8
Dodge: Dodged            ||    16

Table legend:
 A = Non-vault XP
 B = Vault XP
 C = Vault XP percentage of total XP
 D = Non-vault monster count
 E = Vault monster count
 F = Vault count percentage of total count
                 A         B        C        D         E       F
            +---------+---------+-------+---------+---------+-------
      Total |      32 |       0 |   0.0 |      17 |       0 |   0.0
            +---------+---------+-------+---------+---------+-------
        D:1 |      32 |       0 |   0.0 |      17 |       0 |   0.0
            +---------+---------+-------+---------+---------+-------
